Map: Lightshade LE

Players

DPGRogue (Rogue)

  • Race: Zerg Zerg

Maru - Winner!

  • Race: Terran Terran
  • League: Master

Event: ASUS ROG Fall 2021

VOD

Have the link to the VOD?

Description

Time

  • Played on: Sept. 19, 2021, 3:11 p.m.
  • Length: 6:09

All games in this series

Show
View Real Time Build Order
Export as new Build Order

DPGRogue Zerg 

Build Orders: Hatch First 

Get SALT Encoding   

  12  0:00  Drone  
  13  0:12  Overlord  
  13  0:16  Drone  
  14  0:30  Drone x2  
  16  0:48  Hatchery  
  15  0:51  Drone  
  15  0:55  Drone  
  17  0:58  Drone  
  18  1:10  Extractor  
  17  1:15  Spawning Pool  
  16  1:20  Drone x2  
  18  1:29  Drone  
  19  1:38  Drone  
  20  1:49  Drone  
  21  2:01  Queen x2  
  21  2:02  Zergling x4  
  27  2:10  Zergling x2  
  27  2:12  Overlord  
  28  2:23  Hatchery  
  28  2:26  Drone  
  28  2:33  Drone x3  
  31  2:42  Queen  
  33  2:47  Metabolic Boost  
  33  2:52  Overlord  
  33  2:55  Drone  
  33  2:57  Drone  
  35  2:59  Drone  
  37  3:12  Drone  
  37  3:13  Drone x4  
  37  3:18  Queen  
  43  3:23  Overlord  
  43  3:25  Drone  
  44  3:34  Queen  
  44  3:35  Overlord  
  44  3:37  Drone  
  44  3:38  Drone  
  48  3:41  Queen  
  48  3:45  Drone x2  
  52  3:49  Drone x2  
  52  3:50  Drone  
  55  3:55  Queen  
  55  3:59  Drone x2  
  55  4:02  Zergling x4  
  61  4:06  Overlord  
  61  4:09  Drone x2  
  64  4:10  Drone  
  64  4:14  Queen  
  66  4:18  Overlord  
  66  4:28  Lair  
  66  4:29  Baneling Nest  
  66  4:30  Drone x5  
  70  4:35  Zergling x6  
  70  4:36  Zergling x2  
  74  4:41  Queen  
  76  4:45  Extractor  
  76  4:46  Zergling x8, Extractor  
  78  4:54  Drone  
  78  4:55  Drone x3  
  81  5:03  Overlord  
  81  5:04  Overlord x2  
  81  5:17  Overlord  
  81  5:18  Overlord  
  81  5:20  Overlord  
  81  5:26  Evolution Chamber x2  
  81  5:27  Spore Crawler, Drone x10  
  88  5:33  Baneling x4  
  88  5:34  Baneling  
  88  5:36  Zergling x2  
  88  5:37  Zergling x2  
  88  5:46  Zergling x6  
  80  5:50  Zergling x2  
  80  5:51  Zergling x4  
Show
View Real Time Build Order
Export as new Build Order

Maru Terran - Winner!

Build Orders: Command Center First (CC) 

Get SALT Encoding   

  12  0:00  SCV  
  13  0:12  SCV  
  14  0:17  Supply Depot  
  14  0:24  SCV  
  15  0:38  SCV  
  16  0:50  SCV  
  17  0:58  Command Center  
  17  1:02  SCV  
  18  1:12  Barracks  
  18  1:15  SCV  
  19  1:23  Refinery  
  19  1:27  SCV  
  20  1:34  Barracks  
  20  1:39  SCV  
  21  1:42  Refinery  
  21  1:51  SCV  
  22  1:59  Marine  
  23  2:04  Orbital Command  
  23  2:11  Orbital Command  
  23  2:17  Barracks Reactor  
  23  2:27  Supply Depot  
  23  2:29  Barracks Tech Lab  
  23  2:30  SCV  
  23  2:37  SCV  
  25  2:42  SCV  
  26  2:48  Marine, Stimpack  
  26  2:49  SCV  
  28  2:53  Marine x2  
  28  2:54  SCV  
  31  2:59  Factory  
  31  3:02  SCV  
  32  3:07  Marine, SCV  
  32  3:11  Marine  
  35  3:14  Marine  
  35  3:15  Supply Depot, SCV  
  35  3:19  SCV  
  38  3:25  Marine  
  39  3:27  SCV  
  39  3:29  Marine  
  39  3:31  SCV  
  39  3:32  Marine  
  43  3:37  Supply Depot  
  43  3:39  SCV  
  44  3:43  Marine, Starport  
  44  3:44  Factory Reactor  
  44  3:46  SCV  
  44  3:47  Marine  
  47  3:50  Marine  
  47  3:52  SCV  
  49  3:58  SCV  
  49  4:00  Supply Depot  
  49  4:01  Marine  
  51  4:04  Marine, SCV  
  51  4:07  Marine  
  54  4:10  SCV  
  54  4:15  Supply Depot  
  54  4:16  SCV  
  56  4:18  Marine  
  56  4:21  Medivac, Hellion x2  
  56  4:22  Marine  
  64  4:25  Marine  
  64  4:26  Armory  
  64  4:27  Supply Depot  
  64  4:29  Combat Shield  
  65  4:31  SCV  
  65  4:33  SCV  
  65  4:36  Marine  
  68  4:42  Hellion x2  
  68  4:43  Marine x2  
  74  4:52  Medivac  
  76  4:54  Marine  
  76  4:55  SCV  
  76  4:57  Supply Depot  
  78  5:03  Widow Mine  
  78  5:04  Marine x2, Widow Mine  
  84  5:11  Command Center  
  84  5:17  SCV  
  85  5:23  Marine x2  
  85  5:24  Marine  
  85  5:26  Starport Reactor  
  88  5:30  Widow Mine x2  
  88  5:31  SCV  
  88  5:35  Refinery  
  93  5:36  Engineering Bay x2  
  93  5:42  SCV  
  94  5:48  SCV  
  92  5:54  SCV  
  92  5:56  Supply Depot  
Tags
 
Add a new tag
Caveats
  • Supply blocks, unpowered buildings, or Contaminate may cause inaccurate times.
  • Supply counts are checked every 10 seconds.